 Dungeon Crawl Stone Soup version 0.29-a0-817-g9904bce7a6 (webtiles) character file.

Game seed: 3496523686433129267

3655 kae the Destroyer (level 10, -1/50 HPs)
             Began as a Tengu Fire Elementalist on July 5, 2022.
             Was an Initiate of Ru.
             Succumbed to a water moccasin's poison
             ... on level 7 of the Dungeon.
             The game lasted 00:08:33 (10036 turns).

kae the Destroyer (Tengu Fire Elementalist)        Turns: 10036, Time: 00:08:33

Health: -1/50      AC:  4    Str:  9    XL:     10   Next: 12%
Magic:  20/20      EV: 15    Int: 19    God:    Ru [......]
Gold:   708        SH:  0    Dex: 18    Spells: 8/21 levels left

rFire   + . .      SeeInvis .   h - +5 spear of Xoeghuomm {protect, rN+ Will+}
rCold   x . .      Faith    .   (no shield)
rNeg    + . .      Spirit   .   a - +1 robe
rPois   .          Reflect  .   (helmet restricted)
rElec   .          Harm     .   (no cloak)
rCorr   .          Rampage  .   n - +0 pair of gloves
Will    +....                   (boots unavailable)
Stlth   ++........              A - amulet of the acrobat
HPRegen 0.16/turn               q - ring "Neipnor" {Wiz Dex+3}
MPRegen 0.17/turn               F - ring of fire

@: lethally poisoned (-1 -> -19), flying quickly and evasively, quick
A: beak, talons 3, nimble flight
a: Renounce Religion


You were on level 7 of the Dungeon.
You worshipped Ru.
Ru was noncommittal.
You visited 2 branches of the dungeon, and saw 9 of its levels.
You also visited: Sewer.

You collected 795 gold pieces.
You spent 87 gold pieces at shops.


Innate Abilities, Weirdness & Mutations

You have a beak for a mouth.
You have claws for feet.
Your magical nature lets you fly swiftly and evasively.


   Skills:
 - Level 2.1 Dodging
 - Level 2.0 Stealth
 + Level 6.1 Spellcasting
 * Level 11.7 Conjurations
 * Level 10.4 Fire Magic


You had 8 spell levels left.
You knew the following spells:

 Your Spells              Type           Power      Damage    Failure   Level
a - Foxfire               Conj/Fire      100%       2x1d9     1%          1
b - Scorch                Fire           100%       2d10      1%          2
c - Conjure Flame         Conj/Fire      64%        6-21      1%          3
d - Inner Flame           Hex/Fire       38%        N/A       1%          3
e - Flame Wave            Conj/Fire      64%        2d12      1%          4

Your spell library contained the following spells:

 Spells                   Type           Power      Damage    Failure   Level
 Magic Dart               Conj           100%       1d8       1%          1
 Mephitic Cloud           Conj/Pois/Air  20%        N/A       2%          3
 Apportation              Tloc           10%        N/A       4%          1
 Necrotise                Necr           20%        1d5       4%          1
 Slow                     Hex            20%        N/A       4%          1
 Summon Small Mammal      Summ           20%        N/A       4%          1
 Call Imp                 Summ           5%         N/A       7%          2
 Confusing Touch          Hex            5%         N/A       13%         3
 Vampiric Draining        Necr           5%         2d6       13%         3
 Cause Fear               Hex            2%         N/A       38%         4
 Discord                  Hex            2%         N/A       100%        8

Inventory:

Hand Weapons
 d - a +0 hand axe of protection
   (You found it on level 1 of the Dungeon)
 h - the +5 spear of Xoeghuomm (weapon) {protect, rN+ Will+}
   (You found it on level 3 of the Dungeon)

   It grants its wielder temporary protection when it strikes (+7 to AC).
   rN:        It protects you from negative energy.
   Will:      It increases your willpower.
Missiles
 c - 87 stones
 i - 26 poisoned darts
 r - 8 boomerangs
 z - 6 datura-tipped darts
 P - a throwing net {=f!f}
 X - a curare-tipped dart {=f}
Armour
 a - a +1 robe (worn)
 n - a +0 pair of gloves (worn)
   (You found it on level 2 of the Dungeon)
 o - a +0 leather armour
   (You found it on level 7 of the Dungeon)
 p - the +1 ring mail of the Undertaker {Drain rElec rPois}
   (You found it on level 3 of the Dungeon)

   rElec:     It insulates you from electricity.
   rPois:     It protects you from poison.
   Drain:     It drains your maximum health when unequipped.
 y - a scarf of shadows
   (You found it on level 4 of the Dungeon)
 C - a +0 scale mail
   (You took it off an orc on level 7 of the Dungeon)
 D - a +0 robe
   (You took it off an orc wizard on level 4 of the Dungeon)
 I - a +0 ring mail
   (You took it off an orc on level 4 of the Dungeon)
 J - a +0 ring mail
   (You took it off an orc on level 5 of the Dungeon)
 K - a +0 scale mail
   (You took it off an orc on level 5 of the Dungeon)
 L - a +0 ring mail
   (You took it off an orc on level 7 of the Dungeon)
 N - a +0 ring mail
   (You took it off an orc on level 5 of the Dungeon)
 Q - a +0 robe
   (You took it off a gnoll bouda on level 5 of the Dungeon)
 R - a +0 scale mail
   (You took it off an orc on level 5 of the Dungeon)
 S - a +0 ring mail
   (You took it off an orc on level 5 of the Dungeon)
 Z - a +0 ring mail
   (You found it on level 6 of the Dungeon)
Jewellery
 q - the ring "Neipnor" (left hand) {Wiz Dex+3}
   (You found it on level 2 of the Dungeon)

   [ring of wizardry]

   It improves your spell success rate.
   Dex:       It affects your dexterity (+3).
 A - an amulet of the acrobat (around neck)
   (You found it on level 2 of the Dungeon)
 E - a +4 ring of evasion
   (You found it on level 7 of the Dungeon)
 F - a ring of fire (right hand)
   (You found it on level 4 of the Dungeon)
 G - an amulet of guardian spirit
   (You found it on level 1 of the Dungeon)
 T - an amulet of faith {!P}
   (You found it on level 2 of the Dungeon)
Wands
 B - a wand of paralysis (1)
   (You found it on level 6 of the Dungeon)
 H - a wand of polymorph (6)
   (You found it on level 6 of the Dungeon)
Scrolls
 e - 3 scrolls of amnesia
 f - 8 scrolls of identify {@r1}
 k - 8 scrolls of teleportation {@r4}
 t - a scroll of immolation {!r!r}
 u - 2 scrolls of fear
 x - 2 scrolls of brand weapon
 Y - a scroll of vulnerability {!r!r}
Potions
 b - 3 potions of magic
 g - a potion of lignification {!q}
 j - 3 potions of might
 l - 3 potions of curing {@q1}
 m - 2 potions of flight
 s - a potion of haste {@q3}
 v - a potion of heal wounds {@q2}
 w - 2 potions of degeneration {!q}
 U - 2 potions of mutation {!q}
 V - 2 potions of invisibility
 W - a potion of attraction {!q}

Dungeon Overview and Level Annotations

Branches:
Dungeon (8/15) Zot: 26775  Temple (1/1) D:4 Zot: 5658   Sewer (visited)
   Lair: D:8-11

Altars:
Ashenzari
Cheibriados
Dithmenos
Elyvilon
Fedhas
Gozag
Hepliaklqana
Kikubaaqudgha
Makhleb
Nemelex Xobeh
Qazlal
Ru
Sif Muna
Trog
Uskayaw
Vehumet
Wu Jian
Xom
Yredelemnul
Zin
The Shining One

Shops:
D:6 ((!!

Annotations:
D:4 Eustachio

#.#
#............####
#.# #............#
#.####............#
##.................#
...................#
###......#####.#'###
.#....#### #.#.#
.#....########.#S#
......'........l@#
#.....#.######.#†###
#.....#.######.....#
.................###
##....#.######...#
##.####.########.#
##..# #.#........#
###.# #.#.######## #
#.###.#.#


You could see a komodo dragon and a water moccasin.


Message History

There is a stone staircase leading down here. 😕 HP[+1]
You closely miss the bullfrog. You claw the bullfrog.
Your peck misses the bullfrog.
The bullfrog hits you. x2 😕 HP[-8] MP[+1]
You take 8 damage, and now have 40/50 hp.
Casting: Flame Wave (dangerous; 1% risk of failure)
Confirm with . or Enter, or press ? or * to list all spells.
You feel a surge of power!
Flames lash the bullfrog.
You kill the bullfrog!
Your Spellcasting skill increases to level 6!
You see here a bullfrog corpse. 😕 MP[-2]
You lost 2 mp, and now have 8/20 mp.
You start resting. 😕 HP[+2] MP[+1]
You regained 2 hp, and now have 42/50 hp.
There is a stone staircase leading down here. 😕 MP[+1]
You start resting. 😕 HP[+6] MP[+7]
You regained 6 hp, and now have 48/50 hp.
You regained 7 mp, and now have 17/20 mp.
You start resting. 😎 HP[+2] MP[+1]
Your hp is fully restored (50).
You start resting. 😎 MP[+2]
Your mp is fully restored (20).
You fly downwards.
The black bear bites you! The black bear claws you.
The black bear closely misses you. The water moccasin misses you.
There is a stone staircase leading up here. 😕 HP[-9]
You take 9 damage, and now have 41/50 hp.
The water moccasin bites you but does no damage.
The black bear bites you.
The black bear claws you but does no damage.
The black bear closely misses you. The water moccasin closely misses you.
You fly upwards.
There is a stone staircase leading down here. 😮 HP[-6]
You take 6 damage, and now have 35/50 hp.
Casting: Scorch (safe; 1% risk of failure)
Confirm with . or Enter, or press ? or * to list all spells.
Casting: Flame Wave (dangerous; 1% risk of failure)
Press: ? - help, Dir - look around, f - activate You feel a surge of power!
A wave of flame ripples out!
The flame wave engulfs the black bear.
The flame wave engulfs the water moccasin! (Press . to intensify the flame waves.)
The black bear goes berserk!
The water moccasin closely misses you. 😮 MP[-4]
You lost 4 mp, and now have 16/20 mp.
A wave of flame ripples out!
The flame wave engulfs the black bear!!
You kill the black bear!
The flame wave engulfs the water moccasin!
The water moccasin barely misses you. 😮 MP[-1]
You lost 1 mp, and now have 15/20 mp.
A wave of flame ripples out!
The flame wave engulfs the water moccasin!
You kill the water moccasin!
You finish channelling waves of flame. 😮 MP[-1]
You lost 1 mp, and now have 14/20 mp.
You start resting. 😕 HP[+3] MP[+3]
You regained 3 hp, and now have 38/50 hp.
You regained 3 mp, and now have 17/20 mp.
You start resting. 😕 HP[+3] MP[+3]
You regained 3 hp, and now have 41/50 hp.
Your mp is fully restored (20).
You start resting. 😕 HP[+1]
You start resting. 😎 HP[+8]
Your hp is fully restored (50).
You fly downwards.
The water moccasin misses you. The water moccasin closely misses you.
There is a stone staircase leading up here.
You barely miss the water moccasin. You claw the water moccasin.
The water moccasin bites you.
You are poisoned.
The water moccasin poisons you!
A black bear comes into view.
The water moccasin bites you.
You are more poisoned.
The water moccasin poisons you! 😕 HP[-10]
You take 10 damage, and now have 40/50 hp.
You feel very sick. The komodo dragon bites you!!
Ouch! That really hurt!
* * * LOW HITPOINT WARNING * * *
The water moccasin bites you.
* * * LOW HITPOINT WARNING * * *
You fly upwards.
You die...

Skill      XL: |  1  2  3  4  5  6  7  8  9 10 |
---------------+-------------------------------+-----
Conjurations   | 2 3 4 6 7 9 11 | 11.7
Fire Magic     | 4 5 7 8 10 | 10.4
Spellcasting   | 3 4 5 6 |  6.1
Dodging        | |  2.1
Stealth        | |  2.0

Action                   |  1- 3 |  4- 6 |  7- 9 | 10-12 || total
-------------------------+-------+-------+-------+-------++-------
Melee: Kick              |     2 |     3 |     9 |     2 ||    16
       Unarmed           |     1 |       |       |       ||     1
       Hand axe          |     4 |       |       |       ||     4
       Spear             |       |    47 |    30 |     4 ||    81
       Peck              |       |     4 |     4 |       ||     8
       Punch             |       |       |     1 |       ||     1
 Cast: Foxfire           |    72 |    87 |   172 |       ||   331
       Scorch            |       |    15 |    19 |     1 ||    35
       Conjure Flame     |       |     3 |     1 |       ||     4
       Inner Flame       |       |       |     2 |       ||     2
       Flame Wave        |       |       |     6 |     1 ||     7
Invok: Reject Sacrifices |       |       |     1 |       ||     1
  Use: Scroll            |     3 |    10 |     6 |       ||    19
Armor: Robe              |     1 |    10 |    37 |     4 ||    52
Dodge: Dodged            |    12 |    34 |   114 |    21 ||   181

Levels and vault maps discovered:
D:1:      minmay_arrival_diagonal_passages, layout_loops_ring
D:2:      layout_loops_cross, shapermc_ecumenical_altar_petra
D:3:      layout_basic, uniq_natasha
D:4:      layout_basic, mainiacjoe_overflow_cross_hatched,
          minmay_temple_entry_gardened_gates, nrook_mini_backslash,
          chequers_serial_rivers_small_b, amcnicky_mini_rare_corridor_liquid,
          uniq_edmund
D:5:      minmay_skewed_foursquare, layout_cave_pools, dancing_weapons_uskayaw,
          uniq_eustachio, uniq_grinder
D:6:      minmay_polygon_palace, layout_basic, portal_sewer_entry_f,
          serial_shops, shop, nicolae_shop_trees, shop, shop
D:7:      layout_basic, ashenzari_conservatory_becter
D:8:      layout_loops_ring, overflow_temple_1_default,
          due_lair_maze_entry_diamond, dreamdust_princess_bridge
Temple:   dpeg_five_rooms_temple

Notes
Turn   | Place    | Note
-------+----------+-------------------------------------------
     0 | D:1      | kae the Tengu Fire Elementalist began the quest for the
                  | Orb.
     0 | D:1      | Reached XP level 1. HP: 10/10 MP: 4/4
     0 | D:1      | magus.rc [v1.11.3]
   361 | D:1      | Reached skill level 2 in Conjurations
   361 | D:1      | Reached XP level 2. HP: 15/15 MP: 4/6
   457 | D:1      | Learned a level 2 spell: Scorch
  1112 | D:2      | Reached XP level 3. HP: 19/19 MP: 2/7
  1116 | D:2      | Learned a level 3 spell: Conjure Flame
  1357 | D:2      | Reached skill level 4 in Fire Magic
  1371 | D:2      | Reached skill level 3 in Conjurations
  1653 | D:2      | Found a faded altar of an unknown god.
  1824 | D:2      | Identified the ring "Neipnor" {Wiz Dex+3}
  1858 | D:2      | Reached XP level 4. HP: 24/24 MP: 4/8
  1989 | D:3      | Identified the +5 spear of Xoeghuomm {protect, rN+ Will+}
  2429 | D:3      | Identified the +1 ring mail of the Undertaker {Drain rElec
                  | rPois}
  2492 | D:3      | Noticed Natasha
  2499 | D:3      | Killed Natasha
  2500 | D:3      | Reached skill level 4 in Conjurations
  2708 | D:4      | Gained mutation: Your magical nature lets you fly swiftly
                  | and evasively. [Tengu growth]
  2708 | D:4      | Reached XP level 5. HP: 28/28 MP: 7/10
  2798 | D:4      | Found a stormy altar of Qazlal.
  2928 | D:4      | Noticed Edmund
  3015 | D:4      | Killed Edmund
  3016 | D:4      | Reached skill level 3 in Spellcasting
  3016 | D:4      | Reached skill level 5 in Fire Magic
  3016 | D:4      | Reached XP level 6. HP: 9/32 MP: 1/11
  3321 | D:4      | Found a staircase to the Ecumenical Temple.
  3367 | Temple   | Entered the Ecumenical Temple
  3689 | Temple   | Became a worshipper of Ru the Awakened
  3889 | D:4      | Reached skill level 5 in Conjurations
  4669 | D:4      | Learned a level 3 spell: Inner Flame
  4885 | D:5      | Entered Level 5 of the Dungeon
  4885 | D:5      | Noticed Eustachio
  4897 | D:4      | Reached skill level 6 in Conjurations
  4897 | D:4      | Reached XP level 7. HP: 30/36 MP: 4/13
  5068 | D:5      | Reached skill level 6 in Fire Magic
  5455 | D:5      | Reached skill level 7 in Conjurations
  5514 | D:5      | You pick up a book of Cantrips and begin reading...
  5514 | D:5      | You add the spells Necrotise, Summon Small Mammal and
                  | Apportation to your library.
  5603 | D:5      | Reached skill level 4 in Spellcasting
  5603 | D:5      | Reached skill level 7 in Fire Magic
  5603 | D:5      | Reached XP level 8. HP: 41/41 MP: 9/15
  5888 | D:5      | Reached skill level 8 in Conjurations
  6228 | D:5      | Noticed Grinder
  6236 | D:5      | Killed Grinder
  6236 | D:5      | HP: 5/41 [spore (36)]
  6518 | D:5      | Found a hide-covered altar of Uskayaw.
  6521 | D:5      | Noticed a +4 hand axe
  6521 | D:5      | Noticed a +0 dagger
  6849 | D:6      | Reached skill level 8 in Fire Magic
  6909 | D:6      | You pick up a book of Hexes and begin reading...
  6909 | D:6      | You add the spells Cause Fear and Discord to your library.
  6942 | D:6      | Found a glowing drain.
  6954 | Sewer    | Entered a sewer
  7158 | Sewer    | Reached skill level 9 in Conjurations
  7528 | Sewer    | Reached XP level 9. HP: 45/45 MP: 14/17
  7537 | Sewer    | Learned a level 4 spell: Flame Wave
  7734 | D:6      | Found Kof Ell's Antique Weapon Emporium.
  7854 | D:6      | Found Dafits's Distillery.
  7870 | D:6      | Bought a potion of heal wounds for 75 gold pieces
  7897 | D:6      | Found Xivu's Distillery.
  7902 | D:6      | Bought a potion of degeneration for 12 gold pieces
  7985 | D:6      | Found Qoremed's Weapon Boutique.
  8046 | D:6      | Reached skill level 5 in Spellcasting
  8301 | D:6      | Reached skill level 10 in Conjurations
  8303 | D:6      | Reached skill level 9 in Fire Magic
  8685 | D:6      | Reached skill level 11 in Conjurations
  9064 | D:7      | You pick up a book of Minor Magic and begin reading...
  9064 | D:7      | You add the spells Magic Dart, Call Imp and Mephitic Cloud
                  | to your library.
  9076 | D:7      | Found a broken altar of Ashenzari.
  9084 | D:7      | You pick up a book of Debilitation and begin reading...
  9084 | D:7      | You add the spells Slow, Vampiric Draining and Confusing
                  | Touch to your library.
  9369 | D:7      | Reached skill level 10 in Fire Magic
  9836 | D:8      | Noticed a komodo dragon
  9846 | D:8      | Reached XP level 10. HP: 45/50 MP: 9/19
  9866 | D:7      | Reached skill level 6 in Spellcasting
 10035 | D:8      | HP: 5/50 [komodo dragon (30)]
 10036 | D:7      | Succumbed to a water moccasin's poison

Vanquished Creatures
  Grinder (D:5)
  5 water moccasins
  Edmund (D:4)
  2 ice beasts
  2 sky beasts
  A black bear (D:7)
  3 centaurs (D:6)
  An ogre (D:5)
  3 phantoms
  3 kobold brigands (Sewer)
  5 bullfrogs
  2 scorpions
  4 necrophages
  4 howler monkeys
  5 hounds
  2 jellies
  3 orc priests
  A gnoll bouda (D:5)
  3 iguanas
  Natasha (D:3)
  An orc wizard (D:4)
  5 gnolls (D:5)
  12 adders
  A shadow imp (D:7)
  2 white imps
  2 ufetubi (D:6)
  2 worms
  2 dart slugs
  33 orcs
  11 ball pythons
  8 endoplasms
  6 giant cockroaches
  8 goblins
  4 hobgoblins
  8 jackals
  A quokka (D:6)
  4 bats
  A frilled lizard (D:2)
  18 kobolds
  8 rats
189 creatures vanquished.

Vanquished Creatures (collateral kills)
  3 foxfires
3 creatures vanquished.

Vanquished Creatures (others)
  551 foxfires
  4 fungi (D:8)
  12 plants (D:8)
567 creatures vanquished.

Grand Total: 759 creatures vanquished

Table legend:
 A = Non-vault XP
 B = Vault XP
 C = Vault XP percentage of total XP
 D = Non-vault monster count
 E = Vault monster count
 F = Vault count percentage of total count
                 A         B        C        D         E       F
            +---------+---------+-------+---------+---------+-------
      Total |    2322 |    2900 |  55.5 |     134 |      55 |  29.1
            +---------+---------+-------+---------+---------+-------
        D:1 |      30 |       0 |   0.0 |      16 |       0 |   0.0
        D:2 |      64 |       0 |   0.0 |      20 |       0 |   0.0
        D:3 |      34 |      36 |  51.4 |      20 |       1 |   4.8
        D:4 |     360 |     142 |  28.3 |      30 |       1 |   3.2
        D:5 |     895 |     393 |  30.5 |      30 |       4 |  11.8
        D:6 |     601 |    1332 |  68.9 |      10 |      22 |  68.8
        D:7 |     211 |     368 |  63.6 |       7 |       3 |  30.0
        D:8 |     127 |     263 |  67.4 |       1 |       3 |  75.0
      Sewer |       0 |     366 | 100.0 |       0 |      21 | 100.0
            +---------+---------+-------+---------+---------+-------

Illustrated notes

Table legend:
 A = Kills in this place as a percentage of kills in entire the game.
 B = Kills by you in this place as a percentage of kills by you in the entire game.
 C = Kills by friends in this place as a percentage of kills by friends in the entire game.
 D = Other kills in this place as a percentage of other kills in the entire game.
 E = Experience gained in this place as a percentage of experience gained in the entire game.
 F = Experience gained in this place divided by the number of levels of this place that you have seen.
                   A       B       C       D       E      F
               +-------+-------+-------+-------+-------+----------------------
         Total | 100.0 | 100.0 |   N/A |   N/A | 100.0 | 522.2
       Dungeon |  88.9 |  88.9 |   N/A |   N/A |  93.0 | 607.0
         Sewer |  11.1 |  11.1 |   N/A |   N/A |   7.0 | 366.0
               +-------+-------+-------+-------+-------+----------------------

Table legend: (Time is in decaauts)
 A = Elapsed time spent in this place.
 B = Non-inter-level travel time spent in this place.
 C = Inter-level travel time spent in this place.
 D = Time resting spent in this place.
 E = Time spent auto-exploring this place.
 F = Levels seen in this place.
 G = Mean time per level.
                   A        B        C        D        E       F      G
               +--------+--------+--------+--------+--------+-----+--------+
         Total |   9705 |   9404 |    301 |    671 |   7390 |  10 |  970.5 |
       Dungeon |   8612 |   8386 |    226 |    642 |   6581 |   8 | 1076.5 |
        Temple |    341 |    267 |     74 |      0 |    255 |   1 |  341.0 |
         Sewer |    752 |    752 |      0 |     29 |    553 |   1 |  752.0 |
               +--------+--------+--------+--------+--------+-----+--------+

Top non-repeatable levels by time:
     D:4: 1875 daAuts
     D:5: 1573 daAuts
     D:6: 1305 daAuts
     D:7: 1096 daAuts
     D:1: 1060 daAuts
     D:2: 890 daAuts
     D:3: 753 daAuts
   Sewer: 752 daAuts
  Temple: 341 daAuts
     D:8: 56 daAuts
